 Seeded DCSS version 0.30.0-18-gc0e69614cb (webtiles) character file.

Game seed: 5 (custom seed)

800 Kazon the Covert (level 7, -1/45 HPs)
             Began as an Octopode Brigand on May 25, 2023.
             Was a Follower of Okawaru.
             Slain by a gnoll
             ... wielding a +0 whip
              (5 damage)
             ... on level 5 of the Dungeon.
             The game lasted 00:13:49 (2791 turns).

Kazon the Covert (Octopode Brigand)                 Turns: 2791, Time: 00:13:50

Health: -1/45      AC:  1    Str: 12    XL:     7   Next: 90%
Magic:  0/18       EV: 13    Int: 13    God:    Okawaru [*.....]
Gold:   203        SH:  0    Dex: 20    Spells: 6/6 levels left

rFire   . . .        d - +13 scythe of Curses {drain, curses, Drain}
rCold   . . .        (shield currently unavailable)
rNeg    . . .        (helmet restricted)
rPois   .            D - amulet of guardian spirit
rElec   .            r - ring of magical power
rCorr   .            y - +6 ring of dexterity
SInv    .            (no ring)
Will    .....        (no ring)
Stlth   +++++        (no ring)
HPRegen 0.27/turn    (no ring)
MPRegen 0.16/turn    (no ring)
                     (no ring)

%: guardian spirit
@: no status effects
A: almost no armour, amphibious, 8 rings, camouflage 1, gelatinous body 1,
(nimble swimmer 1), tentacles
a: Renounce Religion, Heroism


You were on level 5 of the Dungeon.
You worshipped Okawaru.
Okawaru was aware of your devotion.
You visited 2 branches of the dungeon, and saw 6 of its levels.

You collected 203 gold pieces.

Inventory:

Hand Weapons
 a - a +2 dagger
 d - the +13 scythe of Curses (weapon) {drain, curses, Drain}
   (You acquired it on level 1 of the Dungeon)

   Drain:     It drains your maximum health when unequipped.
 s - a +2 vampiric dagger
 z - a +0 hand axe of flaming
Missiles
 b - 14 poisoned darts
 c - 3 curare-tipped darts
 e - 6 stones (quivered)
 j - 2 boomerangs
Armour
 i - a +0 tower shield
Jewellery
 r - a ring of magical power (left tentacle)
 y - a +6 ring of dexterity (right tentacle)
 D - an amulet of guardian spirit (around mantle)
Wands
 A - a wand of paralysis (8)
Scrolls
 f - a scroll of fog {unknown}
 l - a scroll of vulnerability {unknown}
 m - a scroll of blinking {unknown}
 n - 2 scrolls of teleportation {unknown}
 o - 2 scrolls of identify {unknown}
 p - a scroll of summoning {unknown}
 q - 2 scrolls of magic mapping {unknown}
 w - a scroll of torment {unknown}
 B - a scroll of amnesia {unknown}
Potions
 g - a potion of magic {unknown}
 h - a potion of resistance {unknown}
 k - 3 potions of curing {unknown}
 t - a potion of berserk rage {unknown}
 u - 2 potions of invisibility {unknown}
 v - a potion of flight {unknown}
 x - 2 potions of heal wounds {unknown}
 C - a potion of lignification {unknown}
 E - a potion of attraction {unknown}


   Skills:
 + Level 2.8 Fighting
 + Level 2.4 Short Blades
 + Level 4.4 Polearms
 + Level 2.4 Throwing
 + Level 1.3 Dodging
 + Level 8.2 Stealth
 * Level 2.8 Shields
 * Level 2.8 Invocations
 * Level 1.5 Evocations


You had 6 spell levels left.
You didn't know any spells.
Your spell library contained the following spells:

 Spells                   Type           Power      Damage    Failure   Level
 Frozen Ramparts          Ice            0%         1d1       67%         3
 Ice Form                 Ice/Tmut       0%         N/A       97%         4
 Summon Ice Beast         Ice/Summ       Unusable   N/A       N/A         4

Dungeon Overview and Level Annotations

Branches:
Dungeon (5/15)             Temple (1/1) D:4

Altars:
Dithmenos
Fedhas
Gozag
Hepliaklqana
Okawaru
Qazlal
Trog
Uskayaw
Wu Jian
The Shining One


Innate Abilities, Weirdness & Mutations

You cannot wear most types of armour.
You are amphibious.
You can wear up to eight rings at the same time.
Your skin changes colour to match your surroundings (Stealth+).
Your rubbery body absorbs attacks. (AC +1, EV +1)
((You are camouflaged when in or above water. (Stealth+)))
You have tentacles for arms and can constrict up to eight enemies at once.


Message History

Reach: d) +13 scythe of Curses {drain, curses, Drain}
Press: ? - help, Dir - move target, f/p - gnoll
Aim: a gnoll, wielding a +0 spear (moderately wounded, about 25% to evade the +13 scythe of Curses)
You reach to attack!
You completely miss the gnoll.
The gnoll is moderately wounded.
A gnoll comes into view. It is wielding a +0 spear.
The gnoll closely misses you. The gnoll misses you.
You puncture the ogre!
The ogre convulses!
Your squeeze misses the ogre.
The ogre is severely wounded.
The gnoll hits you with a +0 flail. The ogre barely misses you.
The gnoll hits you from afar with a +0 spear. x2
The gnoll barely misses you.
You barely miss the ogre.
The ogre is severely wounded.
The ogre closely misses you. The gnoll barely misses you.
The gnoll hits you from afar with a +0 spear.
The ogre hits you with a +0 giant spiked club!!
The gnoll barely misses you. The gnoll closely misses you.
The gnoll hits you from afar with a +0 spear!
* * * LOW HITPOINT WARNING * * *
You hit the ogre. You drain the ogre.
You kill the ogre!
Okawaru is honoured by your kill.
The gnoll barely misses you. x2; The gnoll closely misses you. x2
You hit the gnoll. You grab the gnoll. You squeeze the gnoll.
The gnoll is severely wounded.
You constrict the gnoll. The gnoll misses you. The gnoll closely misses you.
The gnoll hits you with a +0 flail.
* * * LOW HITPOINT WARNING * * *
The gnoll hits you with a +0 whip.
* * * LOW HITPOINT WARNING * * *
You hit the gnoll.
You kill the gnoll!
Okawaru accepts your kill.
The gnoll hits you from afar with a +0 spear.
* * * LOW HITPOINT WARNING * * *
The gnoll barely misses you. The gnoll hits you with a +0 whip.
* * * LOW HITPOINT WARNING * * *
The gnoll hits you with a +0 whip!
You die...

#.......
#......
#......
#......
#.....#
#...gg#
#...g)#
##....
#...)@######
.....#
##+##......#
.....#
#......#
.....+
#......#
.....#
#......#
.....#
#......#
.....#
#......#
.....+
#......#
.....#
#......#


You could see 3 gnolls.

Vanquished Creatures
  Sigmund (D:4)
  2 black bears (D:4)
  An ogre (D:5)
  A scorpion (D:4)
  2 hounds (D:5)
  A jelly (D:5)
  3 iguanas
  A gnoll (D:5)
  6 adders
  An ufetubus (D:4)
  3 worms
  6 orcs
  4 bats
  9 endoplasms
  A giant cockroach (D:1)
  12 goblins
  7 hobgoblins
  11 jackals
  3 kobolds
  3 quokkas (D:4)
  6 ball pythons
  3 frilled lizards
  4 rats
91 creatures vanquished.

Notes
Turn   | Place    | Note
-------+----------+-------------------------------------------
     0 | D:1      | Kazon the Octopode Brigand began the quest for the Orb.
     0 | D:1      | Reached XP level 1. HP: 14/14 MP: 1/1
    44 | D:1      | Identified a scroll of acquirement
    44 | D:1      | Acquired the +13 scythe of Curses {drain, curses, Drain}
    44 | D:1      | Found the +13 scythe of Curses {drain, curses, Drain}
    60 | D:1      | Reached XP level 2. HP: 16/19 MP: 2/2
   302 | D:1      | Reached XP level 3. HP: 24/24 MP: 3/3
   828 | D:2      | Reached skill level 1 in Polearms
   845 | D:2      | Reached skill level 6 in Stealth
   922 | D:2      | Reached XP level 4. HP: 14/30 MP: 4/4
  1499 | D:3      | Found a blossoming altar of Fedhas.
  1579 | D:3      | Reached XP level 5. HP: 35/35 MP: 5/5
  1641 | D:3      | Found a stormy altar of Qazlal.
  1753 | D:3      | Found a faded altar of an unknown god.
  1894 | D:3      | Identified the +2 sling "Qeuhanocyt" {speed, rElec Str-3
                  | Dex+2}
  1935 | D:4      | Found a staircase to the Ecumenical Temple.
  1943 | Temple   | Entered the Ecumenical Temple
  1957 | Temple   | Became a worshipper of Warmaster Okawaru
  2007 | D:4      | Reached skill level 1 in Shields
  2275 | D:4      | Noticed Sigmund
  2280 | D:4      | Killed Sigmund
  2281 | D:4      | Reached skill level 7 in Stealth
  2281 | D:4      | Reached skill level 1 in Invocations
  2281 | D:4      | Reached XP level 6. HP: 41/41 MP: 7/7
  2303 | D:4      | Noticed a black bear
  2311 | D:4      | Killed a black bear
  2311 | D:4      | Reached * piety under Okawaru
  2312 | D:4      | Reached XP level 7. HP: 33/45 MP: 8/8
  2336 | D:4      | Found a hazy altar of Hepliaklqana.
  2337 | D:4      | Found a shadowy altar of Dithmenos.
  2337 | D:4      | Noticed a shadow
  2408 | D:4      | Reached skill level 8 in Stealth
  2669 | D:5      | Entered Level 5 of the Dungeon
  2692 | D:5      | Reached skill level 1 in Evocations
  2791 | D:5      | Slain by a gnoll

Illustrated notes

Levels and vault maps discovered:
D:1:      ebering_trefoil_3fold, layout_basic, st_stairs_14, serial_bayou_ford_a
D:2:      layout_basic, hangedman_decor_growths, minmay_close_crescents
D:3:      layout_rooms, mainiacjoe_overflow_concentric_impassable,
          mainiacjoe_overflow_paths, shapermc_ecumenical_altar_acropolis,
          chequers_serial_rivers_micro_b
D:4:      layout_basic, riverfiend_overflow_shadow_ancestor,
          minmay_temple_entry_glass, uniq_sigmund
D:5:      layout_gridville
Temple:   nicolae_temple_elliptical

Skill      XL: |  1  2  3  4  5  6  7 |
---------------+----------------------+-----
Polearms       | 1 2 3 4 |  4.4
Stealth        | 6 7 8 |  8.2
Shields        | 1 2 |  2.8
Invocations    | 1 2 |  2.8
Evocations     | 1 |  1.5
Fighting       | |  2.8
Short Blades   | |  2.4
Throwing       | |  2.4
Dodging        | |  1.3

Action                     |  1- 3 |  4- 6 |  7- 9 || total
---------------------------+-------+-------+-------++-------
  Melee: Dagger            |    12 |       |       ||    12
         Constrict         |     7 |     5 |     4 ||    16
         Tentacles         |     4 |     2 |     3 ||     9
         Scythe            |    35 |    44 |    26 ||   105
         Punch             |       |       |     1 ||     1
  Throw: Boomerang         |     9 |     3 |       ||    12
         Dart              |     3 |       |       ||     3
         Stone             |       |     4 |    12 ||    16
    Use: Scroll            |     1 |       |       ||     1
   Stab: Sleeping          |     9 |    16 |     4 ||    29
         Distracted        |     1 |     1 |       ||     2
 Armour: Skin              |     4 |       |     1 ||     5
  Dodge: Dodged            |    29 |    12 |    25 ||    66
